Winsalmostnever, neutral male human Tourist ---- |..| |..-- --...-- ---.....| --- -- |.<.....-- ---- ...-- -...........| ---- ...---..G...| ....--.--....---..| ............. |... -----..).....| ........h..- |.. --..(.....-- ...........- |.| - |..........--- ---h.........- | -.. --.....*......| |.@.........- |..................|--d---- ..-- | | ----- --..........---...| --- -...........................--- ------------.....-----.- --....| |.. --..-- -.... ---- ..... -.---.- --- -- Winsalmostnever the Rambler Experience level: 2 Strength: 16 Dexterity: 10 Constitution: 15 Intelligence: 13 Wisdom: 6 Charisma: 16 Health: 0(22) Energy: 3(3) Def: 0 Gold: 903 Moves: 737 Dungeon seed: t3t0TDyliDbB5rfA Game ID: Winsalmostnever_1709052525 Your Inventory: Coins $ - 903 gold pieces Weapons a - 31 uncursed +2 darts (in quiver) Armor e - an uncursed +0 Hawaiian shirt (being worn) q - an uncursed +0 dwarvish cloak y - an uncursed +0 pair of iron shoes Comestibles b - 8 uncursed food rations c - an uncursed egg d - an uncursed tripe ration f - an uncursed banana p - 2 uncursed apples Scrolls h - 3 uncursed scrolls of magic mapping i - a blessed scroll of magic mapping Potions g - 2 uncursed potions of extra healing r - an uncursed potion of restore ability Tools j - an uncursed credit card k - an uncursed expensive camera (0:63) l - an uncursed leash m - an uncursed magic marker (0:0) n - an uncursed tin opener (weapon in hand) o - an uncursed towel Spells and supernatural/magical abilities: Name Level Category Cost Memory W - pray for help -- divine ? -- Your skills at the end: Fighting Skills wands [Basic] Weapon Skills dart [Basic] Spellcasting Skills Final Attributes: You were devoutly aligned. The Lady was noncommittal. You are dead. Vanquished creatures: a dwarf 4 gnomes 3 foxes a goblin 6 grid bugs 4 lichens a kobold zombie 2 newts 22 creatures vanquished. Voluntary challenges: You were an atheist. You never hit with a wielded weapon. You were illiterate. You never genocided any monsters. You never polymorphed an object. You never changed form. You used no wishes. You never split a pudding. You never wrote Elbereth's name. You never violated your personal moral code. Dungeon overview: The Dungeons of Doom: levels 1 to 2 Level 1 an altar to Offler, a fountain, a vault a long staircase Level 2 a fountain stairs to The Gnomish Mines The Gnomish Mines: Level 3 <- You were here stairs to The Dungeons of Doom History has recorded: On T:1 you entered the Dungeons of Doom to retrieve the Amulet of Yendor! On T:354 you reached level 2 of The Dungeons of Doom. On T:437 you advanced to experience level 2. On T:691 you reached level 1 of The Gnomish Mines. Score breakdown: Gold: 108 ( 6930 points) Experience: 2 levels ( 5570 points) Exploration: 3 levels ( 6.67%) ( 6396 points) Discoveries: 2 items ( 0.66%) ( 2437 points) Valuables value: (no points given unless you survive) Artifact value: 0 ( 0 points) Variety of kills: 8 monsters ( 2.11%) ( 4352 points) Turncount: 737 turns ( 0 points) Survival: died (score multiplied by 80%) Total score: 20548 Latest messages: There are a few objects here. Doggerino misses the gnome. The gnome misses Doggerino. There are a few objects here. Doggerino bites the gnome. The gnome is killed! Doggerino eats a gnome corpse. q - a hooded cloak. y - a pair of hard shoes. You displace Doggerino. You see here a red gem. The gnome zaps an oak wand! The oak wand suddenly explodes! The gnome is caught in the magical blast! The gnome is killed! You are caught in the magical blast! It must be a wand of sleep. The fox falls into a pit! The fox is killed! The dwarf falls into a pit! The dwarf picks up 4 daggers from the floor. The dwarf wields a pick-axe! The dwarf swings her pick-axe at you. The dwarf hits! You die... Final status: Aloha Winsalmostnever the Tourist, killed by a dwarf, while sleeping... You died in The Gnomish Mines on dungeon level 3 with 20548 points, and 903 pieces of gold, after 737 moves. You were level 2 with a maximum of 22 hit points when you died.